 Dungeon Crawl Stone Soup version 0.29-a0-472-ge5599a681e (webtiles) character file.

Game seed: 13117413752061147167

49 Sabo the Skirmisher (level 3, -2/24 HPs)
             Began as a Gargoyle Monk on May 22, 2022.
             Slain by Terence
             ... wielding a +0 hand axe
              (8 damage)
             ... on level 3 of the Dungeon.
             The game lasted 00:11:36 (3116 turns).

Sabo the Skirmisher (Gargoyle Monk)                 Turns: 3116, Time: 00:11:37

Health: -2/24      AC: 13    Str: 16    XL:     3   Next: 75%
Magic:  0/3        EV:  7    Int: 10    God:
Gold:   122        SH:  0    Dex: 12    Spells: 2/2 levels left

rFire   . . .      SeeInvis .   a - +0 mace
rCold   . . .      Faith    .   (no shield)
rNeg    + . .      Spirit   +   d - +0 chain mail
rPois   ∞          Reflect  .   b - +0 helmet
rElec   +          Harm     .   h - +0 cloak
rCorr   .          Rampage  .   (no gloves)
Will    .....                   (no boots)
Stlth   ..........              n - amulet of guardian spirit
HPRegen 0.08/turn               (no ring)
MPRegen 0.08/turn               (no ring)

@: no status effects
A: sickness immunity, AC +3, negative energy resistance 1, electricity
resistance, torment resistance 1, petrification resistance
a: no special abilities


You were on level 3 of the Dungeon.
You visited 1 branch of the dungeon, and saw 3 of its levels.

You collected 122 gold pieces.

Inventory:

Hand Weapons
 a - a +0 mace (weapon)
Armour
 b - a +0 helmet (worn)
 d - a +0 chain mail (worn)
 h - a +0 cloak (worn)
Jewellery
 n - an amulet of guardian spirit (around neck)
Scrolls
 c - a scroll of brand weapon {unknown}
 e - a scroll of identify {unknown}
 j - a scroll of blinking {unknown}
 k - a scroll of enchant armour {unknown}
 l - a scroll of vulnerability {unknown}
 p - a scroll of fear {unknown}
Potions
 f - a potion of resistance {unknown}
 g - a potion of haste {unknown}
 i - 3 potions of invisibility {unknown}
 m - a potion of attraction {unknown}
 o - 2 potions of curing {unknown}


   Skills:
 + Level 4.1 Fighting
 + Level 3.5 Maces & Flails
 + Level 0.9 Armour
 + Level 2.6 Dodging
 + Level 2.3 Stealth


You had 2 spell levels left.
You didn't know any spells.
Your spell library was empty.

Dungeon Overview and Level Annotations

Branches:
Dungeon (3/15)

Altars:
Zin

Annotations:
D:3 Terence


Innate Abilities, Weirdness & Mutations

You are immune to sickness and miasma.
Your stone body is resilient. (AC +3)
You are immune to poison.
You resist negative energy. (rN+)
You are resistant to electric shocks. (rElec)
You are resistant to unholy torment.
You are immune to petrification.


Message History

There is a glowing silver altar of Zin here.
You kneel at the altar of Zin.
There is a stone staircase leading down here.
You climb downwards.
The orc hits you but does no damage.
There is a stone staircase leading up here.
You hit the orc.
The orc is heavily wounded.
The orc hits you with a +0 whip.
You hit the orc.
You kill the orc!
Things that are here:
a +0 whip; an orc corpse You start resting.
HP restored.
p - a scroll labelled DAKHLE QITRYNNE
Found 25 stones and a sedimented orange potion.
Terence the Incautious comes into view.
He is wielding a +0 hand axe and carrying a wand of flame (25).
Terence shouts!
Terence shouts, "ATTACK!!!"
Found 11 gold pieces.
A goblin comes into view. It is wielding a +0 dagger.
Terence zaps a wand.
The puff of flame hits you but does no damage.
Terence drinks a potion.
Terence seems to grow stronger.
Terence zaps a wand.
The puff of flame hits you!
You hit Terence.
Terence is lightly wounded.
Terence hits you with a +0 hand axe.
You barely miss Terence.
Terence is lightly wounded.
Terence hits you but does no damage.
You hit Terence. Your punch misses Terence.
Terence is moderately wounded.
Terence hits you but does no damage.
You closely miss Terence.
Terence is moderately wounded.
The goblin hits you but does no damage. Terence hits you with a +0 hand axe!
* * * LOW HITPOINT WARNING * * *
The goblin hits you but does no damage. Terence hits you with a +0 hand axe!
You die...

... #...#..##....###.#
.8.(.#.#.#..##......#.#
.....#...........##.#.#
...............>..(...##
........................
........................
........................
......g.............##..
......@@............###.
.$......................
...!#.............#.#...
... #......#..........##
.g #.....########...##
#.....# #....# ##....#
###....# #....#
#....<)## #..#....#


You could see Terence (strong) and a goblin.

Vanquished Creatures
  A worm (D:2)
  3 orcs
  7 bats
  4 endoplasms
  A giant cockroach (D:3)
  A hobgoblin (D:1)
  5 jackals (D:1)
  2 kobolds (D:1)
  A quokka (D:1)
  4 ball pythons
  A frilled lizard (D:3)
  3 goblins (D:2)
  8 rats
41 creatures vanquished.

Notes
Turn   | Place    | Note
-------+----------+-------------------------------------------
     0 | D:1      | Sabo the Gargoyle Monk began the quest for the Orb.
     0 | D:1      | Reached XP level 1. HP: 14/14 MP: 1/1
   388 | D:1      | Reached XP level 2. HP: 20/20 MP: 2/2
  1119 | D:1      | Reached XP level 3. HP: 24/24 MP: 3/3
  1843 | D:2      | Found a glowing silver altar of Zin.
  2134 | D:2      | Reached skill level 4 in Fighting
  3106 | D:3      | Noticed Terence
  3116 | D:3      | Slain by Terence

Illustrated notes

Levels and vault maps discovered:
D:1:      dpeg_arrival_line_fractal, layout_basic
D:2:      layout_basic, basic_altar, kennysheep_generic_room_16
D:3:      layout_rooms, nicolae_overflow_ecumenical_swirl, serial_shops,
          shop_statue, grunt_ministairs_15, chequers_serial_rivers_large_b,
          uniq_terence, uniq_crazy_yiuf_cottage

Skill      XL: |  1  2  3 |
---------------+----------+-----
Fighting       | 4 |  4.1
Maces & Flails | |  3.5
Armour         | |  0.9
Dodging        | |  2.6
Stealth        | |  2.3

Action                   || total
-------------------------++-------
Melee: Mace              ||   129
Armor: Chain mail        ||   118
Dodge: Dodged            ||    50

Table legend: (Time is in decaauts)
 A = Elapsed time spent in this place.
 B = Non-inter-level travel time spent in this place.
 C = Inter-level travel time spent in this place.
 D = Time resting spent in this place.
 E = Time spent auto-exploring this place.
 F = Levels seen in this place.
 G = Mean time per level.
                   A        B        C        D        E       F      G
               +--------+--------+--------+--------+--------+-----+--------+
         Total |   3147 |   3147 |      0 |    875 |      0 |   3 | 1049.0 |
       Dungeon |   3147 |   3147 |      0 |    875 |      0 |   3 | 1049.0 |
               +--------+--------+--------+--------+--------+-----+--------+

Top non-repeatable levels by time:
     D:2: 1591 daAuts
     D:1: 1441 daAuts
     D:3: 114 daAuts
